 Dungeon Crawl Stone Soup version 0.15-a0-877-g2926600 (webtiles) character file.

68 Froboctopus the Ruinous (level 4, -6/49 HPs)
             Began as a Draconian Conjurer on May 16, 2014.
             Killed from afar by inmateoo's ghost (11 damage)
             ... with a magic dart
             ... on Level 3 of the Dungeon.
             The game lasted 00:05:18 (2000 turns).

Froboctopus the Ruinous (Draconian Conjurer)        Turns: 2000, Time: 00:05:18

HP  -6/49        AC 22     Str 11      XL: 4   Next:  1%
MP   2/8         EV  2     Int 16      God:
Gold 83          SH  0     Dex 11      Spells:  2 memorised,  3 levels left

rFire  . . .     SeeInvis .     j - +0 dagger
rCold  . . .     Clarity  .     (armour unavailable)
rNeg   + + +     Conserve .     (no shield)
rPois  +         rCorr    .     (helmet restricted)
rElec  .         rRot     .     (cloak currently unavailable)
SustAb .         Spirit   .     (gloves currently unavailable)
rMut   .         Warding  .     (boots currently unavailable)
Gourm  .         NoTele   +     (no amulet)
MR     .....                    (no ring)
                                (no ring)

@: tree-form, not resistant to hostile enchantments, unstealthy
A: unfitting armour, AC +5
a: no special abilities


You were on level 3 of the Dungeon.
You were hungry.
You were an animated tree.
You visited 1 branch of the dungeon, and saw 3 of its levels.

You collected 83 gold pieces.

Inventory:

Hand weapons
 j - a +0,+0 dagger (weapon)
Comestibles
 b - 3 bread rations
 f - a chunk of giant cockroach flesh
 g - a rotting chunk of goblin flesh
 h - a meat ration
 l - a rotting chunk of ball python flesh
Scrolls
 a - a scroll of enchant weapon II {unknown}
 d - a scroll of fear {unknown}
 i - a scroll of remove curse {unknown}
 k - a scroll of immolation {unknown}
Jewellery
 e - a cursed -5 ring of intelligence {unknown}
Potions
 n - a potion of restore abilities
Books
 c - a book of Conjurations

   Spells                             Type                      Level
   *Magic Dart                        Conjuration                  1
   Searing Ray                        Conjuration                  2
   Dazzling Spray                     Conjuration/Hexes            3
   Fulminant Prism                    Conjuration/Hexes            4
   *Iskenderun's Mystic Blast         Conjuration                  4
   Iskenderun's Battlesphere          Conjuration/Charms           5


   Skills:
 - Level 1.7 Dodging
 - Level 1.7 Stealth
 + Level 2.7 Spellcasting
 * Level 5.1 Conjurations


You had 3 spell levels left.
You knew the following spells:

 Your Spells              Type           Power        Failure   Level  Hunger
a - Magic Dart            Conj           ###.         2%          1    #......
b - Iskenderun's Mystic   Conj           ###.....     28%         4    #####..


Dungeon Overview and Level Annotations

Branches:
Dungeon (3/15)

Altars:

Annotations:
D:3 inmateoo's ghost, average DECj


Message History

Inmateoo's ghost hits you but does no damage.
You hit inmateoo's ghost but do no damage.
Inmateoo's ghost is lightly damaged.
Inmateoo's ghost hits you but does no damage.
You barely miss inmateoo's ghost.
Inmateoo's ghost is lightly damaged.
Inmateoo's ghost points at you and mumbles some strange words.
The magic dart hits you!
You hit inmateoo's ghost.
Inmateoo's ghost is lightly damaged.
Inmateoo's ghost hits you.
* * * LOW HITPOINT WARNING * * *
You hit inmateoo's ghost.
Inmateoo's ghost is moderately damaged.
Inmateoo's ghost hits you but does no damage.
You hit inmateoo's ghost.
Inmateoo's ghost is moderately damaged.
Inmateoo's ghost points at you and mumbles some strange words.
The magic dart hits you!
You die...

##...##....##.#....##
#....##.......#.....
#..##.##....<.##.##.g #.
#.##.....#....# ##.
#.######......# ##..#
#.###...%##...#
#....##.##....#....####
....?...W................
........♣...............
.....#......[...####...#
..# #$.........# ###
......?...##...###
##............#
#........#...#
#.......###### ##......#
########


You could see inmateoo's ghost.

Vanquished Creatures
  4 adders
  A giant gecko (D:2)
  2 orcs
  3 giant cockroaches
  2 hobgoblins (D:3)
  4 kobolds
  2 ball pythons (D:3)
  5 bats
  2 giant newts
  3 goblins
  4 jackals (D:1)
  A quokka (D:2)
  2 rats (D:1)
35 creatures vanquished.

Notes
Turn   | Place    | Note
--------------------------------------------------------------
     0 | D:1      | Froboctopus, the Draconian Conjurer, began the quest for the Orb.
     0 | D:1      | Reached XP level 1. HP: 14/14 MP: 3/3
   593 | D:1      | Reached XP level 2. HP: 15/20 MP: 0/4
  1448 | D:3      | Reached XP level 3. HP: 22/26 MP: 1/6
  1477 | D:3      | Noticed inmateoo's ghost (average DECj)
  1806 | D:3      | Reached skill level 5 in Conjurations
  1880 | D:3      | Reached XP level 4. HP: 21/33 MP: 1/8
  1962 | D:3      | Learned a level 4 spell: Iskenderun's Mystic Blast
  2000 | D:3      | Killed from afar by inmateoo's ghost

Action                   |  1- 3 |  4- 6 || total
-------------------------+-------+-------++-------
Melee: Unarmed           |    16 |       ||    16
       Dagger            |    42 |    12 ||    54
 Cast: Magic Dart        |    69 |     8 ||    77
  Use: Potion            |     4 |     1 ||     5
